| TOP OF THE 1ST |
|
Greenville Drive batting - Pitching for Quad Cities River Bandits : RHP Jayson Campbell
|
|
Pitching: RHP Jayson Campbell
|
|
|
Batting: RHB Tony Nunez
|
0-0: Ball 1-0: Ball 2-0: Foul Ball, location: 2F 2-1: Foul Ball, location: 2F 2-2: Ball 3-2: Foul Ball, location: 2F 3-2: Fly out, F8 (Flyball, 78M, EV 90.0 MPH)
|
|
Batting: LHB Carlos Guerra
|
0-0: Called Strike 0-1: Ball 1-1: DOUBLE (Line Drive, 89D, EV 100.0 MPH)
|
|
Batting: LHB Danny Montoya
|
0-0: Ground out U3 (Groundball, 3, EV 104.4 MPH) Carlos Guerra to third
|
|
Batting: LHB Eddie Contreras
|
0-0: Called Strike 0-1: Ball 1-1: Swinging Strike 1-2: Ball 2-2: Ball 3-2: Base on Balls
|
|
Batting: SHB Robert Soto
|
0-0: Called Strike 0-1: Ball 1-1: Ball 2-1: DOUBLE (Groundball, 3L, EV 101.2 MPH) Carlos Guerra scores Eddie Contreras to third Runner from 3rd tries for Home, SAFE, no throw by RF
|
|
Batting: RHB Mike Rosa
|
0-0: Ball 1-0: Called Strike 1-1: Ball 2-1: Ball Passed Ball! Robert Soto to third 3-1: Ground out U3 (Groundball, 3, EV 106.9 MPH)
|
| Top of the 1st over - 2 runs, 2 hits, 0 errors, 1 left on base; Greenville 2 - Quad Cities 0 |
| BOTTOM OF THE 1ST |
|
Quad Cities River Bandits batting - Pitching for Greenville Drive : RHP Su-wu Yang
|
|
Pitching: RHP Su-wu Yang
|
|
|
Batting: RHB Tim Persson
|
0-0: Called Strike 0-1: Ball 1-1: Ground out 5-3 (Groundball, 5, EV 106.9 MPH)
|
|
Batting: LHB Fernando Gomez
|
0-0: Ground out 4-3 (Groundball, 4, EV 99.4 MPH)
|
|
Batting: LHB Danny Wolver
|
0-0: Called Strike 0-1: Swinging Strike 0-2: Foul Ball, location: 2F 0-2: Ball 1-2: Foul Ball, location: 2F 1-2: Ball 2-2: Ball 3-2: Ground out U3 (Groundball, 34, EV 101.9 MPH)
|
| Bottom of the 1st over - 0 runs, 0 hits, 0 errors, 0 left on base; Greenville 2 - Quad Cities 0 |
| TOP OF THE 2ND |
|
Greenville Drive batting - Pitching for Quad Cities River Bandits : RHP Jayson Campbell
|
|
Batting: RHB Bobby Schimke
|
0-0: Ball 1-0: Foul Ball, location: 2F 1-1: Foul Ball, location: 2F 1-2: Ball 2-2: Foul Ball, location: 2F 2-2: SINGLE (Popup, 6MD, EV 47.5 MPH)
|
|
Batting: RHB Scott Hawkins
|
0-0: Ball 1-0: Called Strike 1-1: Ground out 5-3 (Groundball, 56, EV 101.9 MPH) Bobby Schimke to second
|
|
Batting: RHB Ted Emmerich
|
0-0: Foul Ball, location: 2F 0-1: Fly out, F9 (Flyball, 9D, EV 102.5 MPH) Runner from 2nd tags up, SAFE at 3rd with throw by RF
|
|
Batting: RHB Tony Nunez
|
0-0: Ball 1-0: Ball 2-0: Called Strike 2-1: Ground out 5-3 (Groundball, 56S, EV 87.5 MPH)
|
| Top of the 2nd over - 0 runs, 1 hit, 0 errors, 1 left on base; Greenville 2 - Quad Cities 0 |
| BOTTOM OF THE 2ND |
|
Quad Cities River Bandits batting - Pitching for Greenville Drive : RHP Su-wu Yang
|
|
Batting: LHB Bob Govella
|
0-0: Ground out U3 (Groundball, 3L, EV 98.1 MPH)
|
|
Batting: RHB Alex Campos
|
0-0: Foul Ball, location: 2F 0-1: Called Strike 0-2: Strikes out swinging
|
|
Batting: LHB Jackson Trottier
|
0-0: Called Strike 0-1: Ball 1-1: Ball 2-1: Ball 3-1: Foul Ball, location: 2F 3-2: Fly out, F2 (Popup, 23F, EV 90.0 MPH)
|
| Bottom of the 2nd over - 0 runs, 0 hits, 0 errors, 0 left on base; Greenville 2 - Quad Cities 0 |
| TOP OF THE 3RD |
|
Greenville Drive batting - Pitching for Quad Cities River Bandits : RHP Jayson Campbell
|
|
Batting: LHB Carlos Guerra
|
0-0: Swinging Strike 0-1: Foul Ball, location: 2F 0-2: Ball 1-2: Foul Ball, location: 2F 1-2: Fly out, F9 (Flyball, 9, EV 91.2 MPH)
|
|
Batting: LHB Danny Montoya
|
0-0: Foul Ball, location: 2F 0-1: Ball 1-1: Ball 2-1: Ball 3-1: Called Strike 3-2: Base on Balls
|
|
Batting: LHB Eddie Contreras
|
0-0: Foul Ball, location: 2F 0-1: Ball Danny Montoya is caught stealing 2nd base 2-6 1-1: Ball 2-1: Called Strike 2-2: Ground out 4-3 (Groundball, 4, EV 91.2 MPH)
|
| Top of the 3rd over - 0 runs, 0 hits, 0 errors, 0 left on base; Greenville 2 - Quad Cities 0 |
| BOTTOM OF THE 3RD |
|
Quad Cities River Bandits batting - Pitching for Greenville Drive : RHP Su-wu Yang
|
|
Batting: RHB Reginald McDougall
|
0-0: Ground out 3-1 (Groundball, 34, EV 101.2 MPH)
|
|
Batting: RHB Ray Souza
|
0-0: Ball 1-0: Swinging Strike 1-1: Ball 2-1: SINGLE (Line Drive, 89S, EV 107.5 MPH)
|
|
Batting: RHB Lee Wright
|
0-0: Ball 1-0: Swinging Strike 1-1: Swinging Strike 1-2: SINGLE (Line Drive, 7S, EV 105.6 MPH) Ray Souza to second
|
|
Batting: RHB Tim Persson
|
0-0: Swinging Strike 0-1: Called Strike 0-2: Ball 1-2: Ball 2-2: Strikes out swinging
|
|
Batting: LHB Fernando Gomez
|
0-0: Called Strike 0-1: Ground out 4-3 (Groundball, 34D, EV 104.4 MPH)
|
| Bottom of the 3rd over - 0 runs, 2 hits, 0 errors, 2 left on base; Greenville 2 - Quad Cities 0 |
| TOP OF THE 4TH |
|
Greenville Drive batting - Pitching for Quad Cities River Bandits : RHP Jayson Campbell
|
|
Batting: SHB Robert Soto
|
0-0: Ball 1-0: Ball 2-0: Foul Ball, location: 2F 2-1: Ball 3-1: Foul Ball, location: 2F 3-2: Base on Balls
|
|
Batting: RHB Mike Rosa
|
0-0: Ball 1-0: Ball 2-0: Foul Ball, location: 2F 2-1: Called Strike 2-2: Grounds into double play, 4-6-3 (Groundball, 4, EV 96.9 MPH)
|
|
Batting: RHB Bobby Schimke
|
0-0: Ball 1-0: Ball 2-0: Swinging Strike 2-1: Called Strike 2-2: Ball 3-2: Foul Ball, location: 2F 3-2: Strikes out swinging
|
| Top of the 4th over - 0 runs, 0 hits, 0 errors, 0 left on base; Greenville 2 - Quad Cities 0 |
| BOTTOM OF THE 4TH |
|
Quad Cities River Bandits batting - Pitching for Greenville Drive : RHP Su-wu Yang
|
|
Batting: LHB Danny Wolver
|
0-0: Foul Ball, location: 2F 0-1: Called Strike 0-2: Strikes out swinging
|
|
Batting: LHB Bob Govella
|
0-0: Ball 1-0: Foul Ball, location: 2F 1-1: Ball 2-1: Ball 3-1: Swinging Strike 3-2: Base on Balls
|
|
Batting: RHB Alex Campos
|
0-0: Called Strike 0-1: Ball 1-1: Called Strike 1-2: Strikes out swinging
|
|
Batting: LHB Jackson Trottier
|
0-0: Ball 1-0: SINGLE (Line Drive, 56D, EV 100.6 MPH) Bob Govella to second
|
|
Batting: RHB Reginald McDougall
|
0-0: Fly out, F9 (Flyball, 9, EV 82.5 MPH)
|
| Bottom of the 4th over - 0 runs, 1 hit, 0 errors, 2 left on base; Greenville 2 - Quad Cities 0 |
| TOP OF THE 5TH |
|
Greenville Drive batting - Pitching for Quad Cities River Bandits : RHP Jayson Campbell
|
|
Batting: RHB Scott Hawkins
|
0-0: Foul Ball, location: 2F 0-1: Ball 1-1: Ball 2-1: Ground out 5-3 (Groundball, 56, EV 102.5 MPH)
|
|
Batting: RHB Ted Emmerich
|
0-0: Called Strike 0-1: Foul Ball, location: 2F 0-2: Ground out 4-3 (Groundball, 4, EV 101.9 MPH)
|
|
Batting: RHB Tony Nunez
|
0-0: Called Strike 0-1: Ball 1-1: Ball 2-1: Foul Ball, location: 2F 2-2: Foul Ball, location: 2F 2-2: Strikes out swinging
|
| Top of the 5th over - 0 runs, 0 hits, 0 errors, 0 left on base; Greenville 2 - Quad Cities 0 |
| BOTTOM OF THE 5TH |
|
Quad Cities River Bandits batting - Pitching for Greenville Drive : RHP Su-wu Yang
|
|
Batting: RHB Ray Souza
|
0-0: Ball 1-0: Called Strike 1-1: Swinging Strike 1-2: Fly out, F9 (Flyball, 89S, EV 80.0 MPH)
|
|
Batting: RHB Lee Wright
|
0-0: Ground out 6-3 (Groundball, 6, EV 100.6 MPH)
|
|
Batting: RHB Tim Persson
|
0-0: Ball 1-0: Fly out, F4 (Line Drive, 4MD, EV 70.6 MPH)
|
| Bottom of the 5th over - 0 runs, 0 hits, 0 errors, 0 left on base; Greenville 2 - Quad Cities 0 |
| TOP OF THE 6TH |
|
Greenville Drive batting - Pitching for Quad Cities River Bandits : RHP Jayson Campbell
|
|
Batting: LHB Carlos Guerra
|
0-0: Called Strike 0-1: Ball 1-1: Ball 2-1: Foul Ball, location: 2F 2-2: Ball 3-2: Strikes out swinging
|
|
Pitching: RHP Omar Pineda
|
|
|
Batting: LHB Danny Montoya
|
0-0: Called Strike 0-1: Ball 1-1: DOUBLE (Groundball, 5L, EV 101.2 MPH)
|
|
Batting: LHB Eddie Contreras
|
0-0: Foul Ball, location: 2F 0-1: Ball 1-1: Ball 2-1: Swinging Strike 2-2: Strikes out looking
|
|
Batting: SHB Robert Soto
|
0-0: Foul Ball, location: 2F 0-1: Called Strike 0-2: Ball 1-2: Strikes out swinging
|
| Top of the 6th over - 0 runs, 1 hit, 0 errors, 1 left on base; Greenville 2 - Quad Cities 0 |
| BOTTOM OF THE 6TH |
|
Quad Cities River Bandits batting - Pitching for Greenville Drive : RHP Su-wu Yang
|
|
Batting: LHB Fernando Gomez
|
0-0: Called Strike 0-1: Ball 1-1: Ground out 4-3 (Groundball, 4MS, EV 78.1 MPH)
|
|
Batting: LHB Danny Wolver
|
0-0: Called Strike 0-1: Swinging Strike 0-2: Ball 1-2: Ball 2-2: Fly out, F9 (Flyball, 89D, EV 97.5 MPH)
|
|
Batting: LHB Bob Govella
|
0-0: Called Strike 0-1: Called Strike 0-2: Foul Ball, location: 2F 0-2: Ground out 3-1 (Groundball, 34S, EV 90.6 MPH)
|
| Bottom of the 6th over - 0 runs, 0 hits, 0 errors, 0 left on base; Greenville 2 - Quad Cities 0 |
| TOP OF THE 7TH |
|
Greenville Drive batting - Pitching for Quad Cities River Bandits : RHP Omar Pineda
|
|
Batting: RHB Mike Rosa
|
0-0: Foul Ball, location: 2F 0-1: Ball 1-1: Called Strike 1-2: Strikes out swinging
|
|
Batting: RHB Bobby Schimke
|
0-0: SINGLE (Groundball, 6M, EV 95.0 MPH)
|
|
Batting: RHB Scott Hawkins
|
0-0: Ball 1-0: Called Strike 1-1: Grounds into double play, 4-6-3 (Groundball, 4, EV 80.6 MPH)
|
| Top of the 7th over - 0 runs, 1 hit, 0 errors, 0 left on base; Greenville 2 - Quad Cities 0 |
| BOTTOM OF THE 7TH |
|
Quad Cities River Bandits batting - Pitching for Greenville Drive : RHP Su-wu Yang
|
|
Batting: RHB Alex Campos
|
0-0: Called Strike 0-1: Ball 1-1: Foul Ball, location: 2F 1-2: Ball 2-2: SINGLE (Groundball, 4D, EV 101.9 MPH)
|
|
Batting: LHB Jackson Trottier
|
0-0: Ball 1-0: Ball 2-0: Bunted foul 2-1: Sac Bunt to 13 - play at first, batter OUT! 1-3 Alex Campos to second
|
|
Pinch Hitting: RHB Andrew Pride
|
0-0: Ball 1-0: Ball 2-0: Swinging Strike 2-1: Called Strike 2-2: Strikes out swinging
|
|
Pinch Hitting: LHB Mike Staley
|
0-0: DOUBLE (Line Drive, 7LM, EV 113.8 MPH) Alex Campos scores
|
|
Pinch Hitting: LHB Glenn Lowther
|
0-0: Swinging Strike 0-1: Ball 1-1: Ball 2-1: Called Strike 2-2: Foul Ball, location: 2F 2-2: Strikes out looking
|
| Bottom of the 7th over - 1 run, 2 hits, 0 errors, 1 left on base; Greenville 2 - Quad Cities 1 |
| TOP OF THE 8TH |
|
Greenville Drive batting - Pitching for Quad Cities River Bandits : RHP Omar Pineda
|
|
Pitching: LHP Mike Holloway
|
|
|
Now at C: Andrew Pride
|
|
|
Now at 2B: Tristan Lewis
|
|
|
Now at SS: Fernando Gomez
|
|
|
Now in CF: Glenn Lowther
|
|
|
Batting: RHB Ted Emmerich
|
0-0: Foul Ball, location: 2F 0-1: Ball 1-1: Ball 2-1: Ball 3-1: Base on Balls
|
|
Batting: RHB Tony Nunez
|
0-0: Sac Bunt to 23 - play at first, batter safe! Ted Emmerich to second
|
|
Batting: LHB Carlos Guerra
|
0-0: Swinging Strike 0-1: Ball 1-1: Ball 2-1: Reached on error, E1 (Groundball, 15S, EV 63.8 MPH) Ted Emmerich to third Tony Nunez to second
|
|
Batting: LHB Danny Montoya
|
0-0: Ball 1-0: Ball 2-0: Foul Ball, location: 2F 2-1: Called Strike 2-2: Foul Ball, location: 2F 2-2: Strikes out swinging
|
|
Batting: RHB Alex Cardenas
|
0-0: Ball 1-0: Fly out, F8 (Flyball, 8LD, EV 95.6 MPH)
|
|
Batting: SHB Robert Soto
|
0-0: Ball 1-0: Foul Ball, location: 2F 1-1: Swinging Strike 1-2: Foul Ball, location: 2F 1-2: Ball 2-2: Ball 3-2: Strikes out looking
|
| Top of the 8th over - 0 runs, 1 hit, 1 error, 3 left on base; Greenville 2 - Quad Cities 1 |
| BOTTOM OF THE 8TH |
|
Quad Cities River Bandits batting - Pitching for Greenville Drive : RHP Su-wu Yang
|
|
Pitching: LHP Jason Salzer
|
|
|
Now at 3B: Roger Mitchell
|
|
|
Batting: RHB Tim Persson
|
0-0: Ball 1-0: Called Strike 1-1: Ball 2-1: Foul Ball, location: 2F 2-2: Strikes out swinging
|
|
Pinch Hitting: RHB Sean Mounts
|
0-0: Called Strike 0-1: Foul Ball, location: 2F 0-2: Ball 1-2: SINGLE (Groundball, 56S, EV 72.5 MPH) (infield hit)
|
|
Batting: LHB Danny Wolver
|
0-0: Swinging Strike 0-1: Ball 1-1: Ball 2-1: Foul Ball, location: 2F 2-2: Strikes out swinging
|
|
Batting: LHB Bob Govella
|
0-0: SINGLE (Groundball, 6D, EV 97.5 MPH) Sean Mounts to second Runner from 2nd tries for 3rd, SAFE, throw by CF made at trailing runner, OUT! 8-4
|
| Bottom of the 8th over - 0 runs, 2 hits, 0 errors, 1 left on base; Greenville 2 - Quad Cities 1 |
| TOP OF THE 9TH |
|
Greenville Drive batting - Pitching for Quad Cities River Bandits : LHP Mike Holloway
|
|
Now at 3B: Sean Mounts
|
|
|
Now at SS: Alex Campos
|
|
|
Batting: RHB Mike Rosa
|
0-0: Called Strike 0-1: Ball 1-1: Ball 2-1: Fly out, F4 (Line Drive, 34D, EV 75.6 MPH)
|
|
Batting: RHB Bobby Schimke
|
0-0: Ball 1-0: Foul Ball, location: 2F 1-1: Ball 2-1: Fly out, F8 (Line Drive, 8RM, EV 86.9 MPH)
|
|
Batting: RHB Scott Hawkins
|
0-0: Swinging Strike 0-1: Ball 1-1: Foul Ball, location: 2F 1-2: Ground out 4-3 (Groundball, 4MS, EV 77.5 MPH)
|
| Top of the 9th over - 0 runs, 0 hits, 0 errors, 0 left on base; Greenville 2 - Quad Cities 1 |
| BOTTOM OF THE 9TH |
|
Quad Cities River Bandits batting - Pitching for Greenville Drive : LHP Jason Salzer
|
|
Pitching: RHP Ross Ratcliffe
|
|
|
Batting: RHB Alex Campos
|
0-0: Foul Ball, location: 2F 0-1: Ball 1-1: Ground out 4-3 (Groundball, 34, EV 90.6 MPH)
|
|
Batting: LHB Jackson Trottier
|
0-0: Ball 1-0: Ball 2-0: Ball 3-0: Foul Ball, location: 2F 3-1: Called Strike 3-2: SINGLE (Line Drive, 56D, EV 100.0 MPH)
|
|
Batting: RHB Andrew Pride
|
0-0: Foul Ball, location: 2F 0-1: Ball 1-1: Swinging Strike 1-2: Foul Ball, location: 2F 1-2: SINGLE (Groundball, 56D, EV 95.6 MPH) Jackson Trottier to second
|
|
Pitching: RHP Adrian Colorado
|
|
|
Batting: RHB Tristan Lewis
|
0-0: Ball 1-0: Ball 2-0: Called Strike 2-1: Fly out, F7 (Flyball, 7, EV 87.5 MPH)
|
|
Batting: LHB Glenn Lowther
|
0-0: Called Strike 0-1: Ball 1-1: Fly out, F7 (Line Drive, 7LM, EV 95.6 MPH)
|
| Bottom of the 9th over - 0 runs, 2 hits, 0 errors, 2 left on base; Greenville 2 - Quad Cities 1 |
|